cohdb
Replays
Latest Replays
All Replays
Popular Replays
Top Player Replays
Match Explorer
How It Works
Community
CoH3 Stats
Reddit
Sign in to upload your games and track your stats! →
Sign in with Steam
Match 43692853
Unlisted
Match 43692853
Overview
Messages
Build Orders
End
Construct Section Command Post
Infantry Section
Selects Canadian Shock Battlegroup
Infantry Section
Grenade Package
Vickers Machine Gun Team
Selects Attacking Spirit
Selects Canadian Shock Section
Canadian Shock Section
Construct Platoon Command Post
Selects Incendiary Munitions
Canadian Shock Section
Unlock Bishop Self-propelled Artillery
Light Vehicle Training
Selects Pyrotechnics
6-pounder Anti-tank Gun Team
Bishop Self-propelled Artillery
Canadian Shock Section
Royal Engineer Section
Construct Company Command Post
Crusader II Medium Tank
Crusader II Medium Tank
Selects Churchill Crocodile Heavy Tank
Selects Smoke Operation
Canadian Shock Section
Churchill Crocodile Heavy Tank
Glendizzle
Carrion Crow
Victor
hogarthw
0
0
Comments
sign in to comment!
No comments posted yet!